 Dungeon Crawl Stone Soup version 0.31-a0-83-gbff143cfd1 (webtiles) character file.

Game seed: 17533705099797861860

50 Esekla the Sneak (level 3, -5/26 HPs)
             Began as an Octopode Delver on May 24, 2023.
             Slain by a hound (6 damage)
             ... on level 5 of the Dungeon.
             The game lasted 00:02:39 (195 turns).

Esekla the Sneak (Octopode Delver)                   Turns: 195, Time: 00:02:39

Health: -5/26      AC:  1    Str: 11    XL:     3   Next: 79%
Magic:  4/4        EV: 13    Int: 14    God:
Gold:   9          SH:  0    Dex: 13    Spells: 3/3 levels left

rFire   . . .        a - +0 falchion
rCold   . . .        (no shield)
rNeg    . . .        (helmet restricted)
rPois   .            (no amulet)
rElec   .            (no ring)
rCorr   .            (no ring)
SInv    .            (no ring)
Will    .....        (no ring)
Stlth   +++++        (no ring)
HPRegen 0.24/turn    (no ring)
MPRegen 0.09/turn    (no ring)
                     (no ring)

%: no passive effects
@: no status effects
A: almost no armour, amphibious, 8 rings, camouflage 1, gelatinous body 1,
nimble swimmer 1, tentacles
a: no special abilities


You were on level 5 of the Dungeon.
You visited 1 branch of the dungeon, and saw 1 of its levels.

You collected 9 gold pieces.

Inventory:

Hand Weapons
 a - a +0 falchion (weapon)
 j - a +0 dagger
Missiles
 i - 4 poisoned darts (quivered)
Jewellery
 h - a ring of see invisible
Wands
 f - a wand of digging (3)
Scrolls
 b - a scroll of fog
 d - a scroll of fear
 g - a scroll of enchant weapon {unknown}
Potions
 e - 2 potions of haste


   Skills:
 * Level 3.1 Fighting
 * Level 2.4 Long Blades
 + Level 0.1 Throwing
 * Level 2.2 Dodging
 + Level 7.3 Stealth
 * Level 0.6 Spellcasting
 * Level 0.9 Necromancy


You had 3 spell levels left.
You didn't know any spells.
Your spell library contained the following spells:

 Spells                   Type           Power      Damage    Failure   Level
 Slow                     Hex            0%         N/A       28%         1
 Vampiric Draining        Necr           3%         2d6       50%         3
 Confusing Touch          Hex            0%         N/A       63%         3


Dungeon Overview and Level Annotations

Branches:
Dungeon (5/15)             Temple (0/1) D:5

Altars:


Innate Abilities, Weirdness & Mutations

You cannot wear most types of armour.
You are amphibious.
You can wear up to eight rings at the same time.
Your skin changes colour to match your surroundings (Stealth+).
Your rubbery body absorbs attacks. (AC +1, EV +1)
You are camouflaged when in or above water. (Stealth+)
You have tentacles for arms and can constrict up to eight enemies at once.


Message History

e - 2 potions of haste (gained 1)
You enter the shallow water.
i - 4 poisoned darts (gained 1)
You start resting.
Magic restored.
You start resting.
HP restored.
As you read the scroll of magic mapping, it crumbles to dust.
You feel aware of your surroundings.
You sensed 1 altar.
A hound and a jelly come into view.
Found a staircase to the Ecumenical Temple.
A black bear comes into view.
j - a +0 dagger (weapon)
Found 8 stones.
The hound barks!
The jelly quivers.
The black bear growls angrily.
The hound bites you. x2
You hit the hound but do no damage. Your grab misses the hound.
Your squeeze misses the hound. The hound closely misses you.
The hound closely misses you. The hound misses you.
The hound attacks as you move away! The hound bites you.
You enter the deep water.
The hound bites you.
a - a +0 falchion (weapon)
You hit the hound but do no damage. Your grab misses the hound.
You squeeze the hound.
The hound is moderately wounded.
The hound closely misses you. The hound bites you.
You hit the hound. You grab the hound.
The hound is heavily wounded.
You constrict the hound, but do no damage.
The hound misses you. The hound bites you.
* * * LOW HITPOINT WARNING * * *
You hit the hound.
The hound is severely wounded.
You constrict the hound. The hound bites you.
* * * LOW HITPOINT WARNING * * *
The hound bites you.
You die...

**,*,,,>.......h..# *...,,,,.....
**,,,.*,#.........# *#.#****.##..
****,#...#..[...(.####.#####.##..
* *,.........#*,.##~~.~~##..##..
* **#.######.####†~~~~~≈~.#.....
*,* #.h##≈#≈~≈≈≈≈≈≈~###.. *,*
##J#≈≈≈≈~~~≈#≈#≈≈#..> * **,**
##h##≈≈~~~~≈#≈≈~.### * *,,,*
###@≈≈≈≈≈~~≈≈≈≈~~## * *,,,*
#≈≈~~8≈~~~~~≈~~≈≈≈# * *,,>*
###~~~.~~~...≈...≈≈≈## *
*,,,*###...≈~.....<8....≈~..#
*,,,*.....~≈#..~~.<.~~.~~≈≈.#
*,,,*.###.~#≈≈~≈~~~~≈~~≈#≈≈.#
*,,,,,* #.#≈≈†≈≈≈~~~≈≈≈≈~~...
*,,,*** #.#.≈≈≈≈≈~≈#≈≈≈≈~....
*,,,****#...~)≈≈≈)~≈#≈≈≈~..##


You could see a black bear, a hound and a jelly.

Vanquished Creatures
  An iguana (D:5)
  7 dart slugs (D:5)
  3 orcs (D:5)
11 creatures vanquished.

Notes
Turn   | Place    | Note
-------+----------+-------------------------------------------
     0 | D:5      | Esekla the Octopode Delver began the quest for the Orb.
     0 | D:5      | Reached XP level 1. HP: 16/16 MP: 1/1
    22 | D:5      | Reached XP level 2. HP: 19/21 MP: 2/2
    82 | D:5      | Reached skill level 7 in Stealth
   113 | D:5      | Reached XP level 3. HP: 11/26 MP: 3/3
   182 | D:5      | Found a staircase to the Ecumenical Temple.
   183 | D:5      | Noticed a black bear
   195 | D:5      | HP: 1/26 [hound (6)]
   195 | D:5      | Slain by a hound

Illustrated notes

Levels and vault maps discovered:
D:5:      kennysheep_slugbush, layout_basic, nicolae_hepliaklqana_hippocampus,
          minmay_temple_entry_crystal_x, uniq_prince_ribbit1

Skill      XL: |  1  2 |
---------------+-------+-----
Stealth        | 7 |  7.3
Fighting       | |  3.1
Long Blades    | |  2.4
Throwing       | |  0.1
Dodging        | |  2.2
Spellcasting   | |  0.6
Necromancy     | |  0.9

Action                     || total
---------------------------++-------
  Melee: Falchion          ||    21
         Tentacles         ||     6
         Constrict         ||     9
         Dagger            ||     1
  Throw: Dart              ||     8
    Use: Scroll            ||     1
   Stab: Sleeping          ||     2
 Armour: Skin              ||     1
  Dodge: Dodged            ||    13

Table legend: (Time is in decaauts)
 A = Elapsed time spent in this place.
 B = Non-inter-level travel time spent in this place.
 C = Inter-level travel time spent in this place.
 D = Time resting spent in this place.
 E = Time spent auto-exploring this place.
 F = Levels seen in this place.
 G = Mean time per level.
                   A        B        C        D        E       F      G
               +--------+--------+--------+--------+--------+-----+--------+
         Total |    198 |    198 |      0 |     41 |      0 |   1 |  198.0 |
       Dungeon |    198 |    198 |      0 |     41 |      0 |   1 |  198.0 |
               +--------+--------+--------+--------+--------+-----+--------+

Top non-repeatable levels by time:
     D:5: 198 daAuts
